[Event "The Kvibergspelen 2023"]
[Site "Kviberg Park Hotel & Conference, Krutvagen 2, Gothenburg, Sweden"]
[Date "2023.09.17"]
[Round "7.5"]
[White "Holm, Kristian Stuvik"]
[Black "Tripathi, Pratyush"]
[Result "1-0"]
[TimeControl "15 minutes + 5 seconds per move from move one (Round 1 - 4) / 90 minutes + 30 seconds per move from move one (Round 5 - 8)"]
[WhiteTitle "IM"]
[WhiteFideId "1508083"]
[BlackFideId "1763121"]
[WhiteElo "2488"]
[BlackElo "1735"]

1. c4 c6 2. Nf3 d5 3. e3 Nf6 4. Nc3 Nbd7 5. Qc2 e6 6. b3 Bd6 7. Bb2 Qe7 8. Be2 a5 9. d4 O-O 10.
O-O Re8 11. Rfe1 dxc4 12. Bxc4 Nb6 13. e4 Bc7 14. Bd3 h6 15. a3 Nbd7 16. e5 Nd5 17. Ne4 Bb6 18. Rac1 Nf8 19. g3 Rd8 20.
Qe2 Nd7 21. Bb1 Nf8 22. Nfd2 Nc7 23. Nd6 Ne8 24. N2c4 Bc7 25. Ne4 b5 26. Ncd2 Bb7 27. Nc5 Bc8 28. Be4 Bd7 29. Nxd7 Nxd7 30.
Bxc6 Rab8 31. Bxb5 Bb6 32. Nf3 Nc7 33. Bc4 Nf8 34. Rcd1 Nd5 35. Nd2 Qa7 36. Ne4 Ne7 37. Nd6 Nc8 38.
Nb5 Qb7 39. Rd3 Na7 40. Nd6 Qa8 41. d5 Nc8 42. dxe6 Nxe6 43. h4 Bc5 44. Red1 Nb6 45. Bxe6 fxe6 46. Ne4 Be7 47. Rxd8+ Rxd8 48.
Rxd8+ Qxd8 49. Qg4 Qc8 50. Nf6+ Kh8 51. Qg6 1-0

[Event "The Kvibergspelen 2023"]
[Site "Kviberg Park Hotel & Conference, Krutvagen 2, Gothenburg, Sweden"]
[Date "2023.09.17"]
[Round "7.6"]
[White "Nygren, Kim"]
[Black "Akesson, Ralf"]
[Result "0-1"]
[TimeControl "15 minutes + 5 seconds per move from move one (Round 1 - 4) / 90 minutes + 30 seconds per move from move one (Round 5 - 8)"]
[WhiteTitle "CM"]
[BlackTitle "GM"]
[WhiteFideId "1706136"]
[BlackFideId "1700120"]
[WhiteElo "2171"]
[BlackElo "2410"]

1. d4 Nf6 2. Bg5 d5 3. Bxf6 exf6 4. e3 Bd6 5. Bd3 O-O 6. Nd2 Re8 7. Qf3 c6 8. Ne2 Nd7 9. O-O-O b5 10.
g4 Nb6 11. h4 Nc4 12. Nb3 a5 13. g5 f5 14. Rdg1 a4 15. Nc5 Qa5 16. g6 fxg6 17. Bxc4 bxc4 18. h5 Bxc5 19. hxg6 h6 20.
dxc5 a3 21. b3 cxb3 22. axb3 Re4 23. Kb1 Qxc5 24. Rc1 Qd6 25. Ka2 Qxg6 26. Rhg1 Rg4 27. Rgd1 Qf6 28. c3 Rb8 29. Rd4 Qe7 30.
Rxg4 fxg4 31. Qf4 Qb7 32. b4 Bd7 33. Qd6 Rf8 34. Nf4 Bf5 35. Rd1 Qb5 36. Rd4 Qf1 37. Qxc6 Qxf2+ 38. Kxa3 Qxe3 39.
Nxd5 Qc1+ 40. Ka4 Kh7 41. Qd6 Rf7 42. Kb5 Qe1 43. c4 g3 44. Nf4 g2 45. Nxg2 Qe8+ 46. Kc5 Qc8+ 47. Kb5 Qb7+ 0-1

[Event "The Kvibergspelen 2023"]
[Site "Kviberg Park Hotel & Conference, Krutvagen 2, Gothenburg, Sweden"]
[Date "2023.09.17"]
[Round "7.7"]
[White "Jogstad, Daniel"]
[Black "Ramsdal, Jens Albert"]
[Result "0-1"]
[TimeControl "15 minutes + 5 seconds per move from move one (Round 1 - 4) / 90 minutes + 30 seconds per move from move one (Round 5 - 8)"]
[WhiteTitle "CM"]
[BlackTitle "FM"]
[WhiteFideId "1718959"]
[BlackFideId "1429221"]
[WhiteElo "2137"]
[BlackElo "2391"]

1. d4 e6 2. Nf3 Nf6 3. c4 d5 4. g3 Bb4+ 5. Nbd2 O-O 6. Bg2 dxc4 7. Qc2 a5 8. a3 Bxd2+ 9. Bxd2 b5 10.
b3 cxb3 11. Qxb3 Qd5 12. Qb2 Bb7 13. O-O Nbd7 14. Rab1 Bc6 15. Rfc1 Ra7 16. Ne1 Ne4 17. Qc2 Qf5 18. f3 Nxd2 19.
Qxd2 Nb8 20. e4 Qf6 21. Qe3 Ra6 22. Nd3 Rd8 23. Ne5 Be8 24. Rxc7 Rad6 25. Rd1 Qxe5 26. dxe5 Rxd1+ 27. Bf1 b4 28.
Kg2 R1d2+ 29. Kh3 h5 30. axb4 axb4 31. Rc8 Rxh2+ 32. Kxh2 Rxc8 33. f4 Nc6 34. Qc5 b3 35. Bd3 b2 36.
f5 Rd8 37. Bb1 Nd4 38. Kh3 Bb5 39. Qc3 Be2 40. Qd2 Bf1+ 0-1

[Event "The Kvibergspelen 2023"]
[Site "Kviberg Park Hotel & Conference, Krutvagen 2, Gothenburg, Sweden"]
[Date "2023.09.17"]
[Round "7.8"]
[White "Pedersen, Daniel Vesterbaek"]
[Black "Thorn, Eric"]
[Result "1/2-1/2"]
[TimeControl "15 minutes + 5 seconds per move from move one (Round 1 - 4) / 90 minutes + 30 seconds per move from move one (Round 5 - 8)"]
[WhiteTitle "FM"]
[BlackTitle "FM"]
[WhiteFideId "1402161"]
[BlackFideId "1710729"]
[WhiteElo "2163"]
[BlackElo "2390"]

1. e4 e5 2. Nf3 Nc6 3. Bb5 a6 4. Ba4 Bc5 5. c3 Nge7 6. O-O Ng6 7. d4 Ba7 8. d5 Nb8 9. Bg5 f6 10.
Be3 Bxe3 11. fxe3 b5 12. Bb3 d6 13. a4 bxa4 14. Bxa4+ Bd7 15. Nbd2 O-O 16. b4 Qc8 17. Qe2 Qb7 18.
Bxd7 Nxd7 19. Ra5 Ra7 20. Rfa1 Rfa8 21. Ne1 Ne7 22. Qg4 Nf8 23. Nd3 c6 24. c4 cxd5 25. cxd5 Rc8 26. b5 Rca8 27. bxa6 Rxa6 28. Rxa6 Rxa6 29.
Rxa6 Qxa6 30. Qe2 Nd7 31. Kf2 Qa2 32. g4 Ng6 33. Nb4 Qb2 34. Nd3 Qc3 35. Nb1 Qc4 36. Nd2 Qc2 37. Nb4 Qb2 38. Nd3 Qa1 39. Qe1 Qc3 40.
Ke2 Nc5 41. Nxc5 Qxc5 42. Qb1 h6 43. h3 Kh7 44. Qe1 Qb5+ 45. Kf3 Qd3 46. Qe2 Qc2 47. Kg3 Qc1 48. Nc4 Qg1+ 49. Qg2 Qe1+ 50. Qf2 Qb4 51. Qf1 Ne7 52.
h4 Kg8 53. Kf3 g6 54. Qc1 Qc5 55. Qc2 f5 56. gxf5 gxf5 57. exf5 Nxd5 58. Qd3 Nb4 59. Qe4 Nc6 60. f6 Kf7 61.
Qh7+ Kxf6 62. Qxh6+ Ke7 63. Qg7+ Ke8 64. Qg8+ Kd7 65. Qg4+ Kd8 66. Qe6 Kc7 67. h5 e4+ 68. Kxe4 Qxh5 69. Qxd6+ Kb7 70. Qd7+ Kb8 71. Qd6+ Kb7 72.
Qd7+ Kb8 73. Qd6+ Kb7 74. Qd7+ 1/2-1/2

[Event "The Kvibergspelen 2023"]
[Site "Kviberg Park Hotel & Conference, Krutvagen 2, Gothenburg, Sweden"]
[Date "2023.09.17"]
[Round "7.9"]
[White "Falkevall, Axel"]
[Black "Galvan Cipriani, Viviana"]
[Result "1-0"]
[TimeControl "15 minutes + 5 seconds per move from move one (Round 1 - 4) / 90 minutes + 30 seconds per move from move one (Round 5 - 8)"]
[WhiteTitle "FM"]
[BlackTitle "WFM"]
[WhiteFideId "1735560"]
[BlackFideId "32041144"]
[WhiteElo "2276"]
[BlackElo "2010"]

1. d4 Nf6 2. c4 e6 3. Nc3 Bb4 4. e3 O-O 5. Bd2 d6 6. Nf3 Bxc3 7. Bxc3 Ne4 8. Qc2 f5 9. Bd3 Nxc3 10.
bxc3 Nc6 11. e4 Qf6 12. exf5 exf5 13. O-O Bd7 14. Rfe1 b6 15. Re2 Rae8 16. Rae1 Rxe2 17. Rxe2 Ne7 18.
c5 Ng6 19. cxd6 Qxd6 20. Bc4+ Kh8 21. Ne5 Nf4 22. Re3 Be6 23. Bxe6 Nxe6 24. Qb3 c5 25. h3 cxd4 26. cxd4 f4 27.
Re1 Nd8 28. Qa4 a5 29. Rc1 Ne6 30. Qb3 a4 31. Qxa4 Qxd4 32. Qxd4 Nxd4 33. Rc4 Nb5 34. a4 Na7 35. Nd7 Rd8 36.
Nxb6 g5 37. Rc7 Rb8 38. Nd7 Ra8 39. Nf6 1-0

[Event "The Kvibergspelen 2023"]
[Site "Kviberg Park Hotel & Conference, Krutvagen 2, Gothenburg, Sweden"]
[Date "2023.09.17"]
[Round "7.10"]
[White "Hansen, Sune Berg"]
[Black "Reimanis, Ritvars"]
[Result "1-0"]
[TimeControl "15 minutes + 5 seconds per move from move one (Round 1 - 4) / 90 minutes + 30 seconds per move from move one (Round 5 - 8)"]
[WhiteTitle "GM"]
[BlackTitle "IM"]
[WhiteFideId "1400266"]
[BlackFideId "11602988"]
[WhiteElo "2512"]
[BlackElo "2361"]

1. d4 Nf6 2. Nf3 e6 3. c4 d5 4. g3 Nbd7 5. Bg2 dxc4 6. O-O Rb8 7. a4 a6 8. a5 Bd6 9. Nbd2 b5 10. axb6 Nxb6 11. Nxc4 Nxc4 12. Qa4+ Rb5 13.
Qxc4 Bb7 14. Ne1 Nd5 15. e4 Nb6 16. Qc2 O-O 17. Nd3 Qa8 18. Re1 Nd7 19. Bd2 c5 20. Bc3 cxd4 21. Bxd4 Rc8 22. Qe2 e5 23. Bc3 Re8 24.
Red1 Qb8 25. Rd2 Nb6 26. Rc2 Qd8 27. Bd2 Nd7 28. Be3 Qa8 29. f3 Nf8 30. Nc5 Bxc5 31. Bxc5 Ne6 32. Qxb5 axb5 33.
Rxa8 Rxa8 34. Be3 Ra4 35. Kf2 Kf8 36. Bf1 Rb4 37. Bd2 Rb3 38. Be3 Ke7 39. Be2 Kd6 40. Rd2+ Kc6 41. Bd1 Rb4 42.
b3 Kc7 43. Rd3 h5 44. h3 g6 45. g4 hxg4 46. hxg4 f6 47. Ke1 Bc6 48. Kd2 f5 49. gxf5 gxf5 50. exf5 Nf4 51. f6 Ne6 52.
f7 Rh4 53. Bg5 Rh7 54. Bd8+ Kb7 55. Bf6 Rxf7 56. Bxe5 Rf5 57. Re3 Bd5 58. Kc3 Kc6 59. Kb4 Kb6 60. Bg3 Nd4 61. f4 Rf7 62.
Rd3 Nc6+ 63. Kc3 Be4 64.
Rd6 Kc5 65. Rh6 b4+ 66. Kd2 Nd4 67.
Rh5+ Nf5 68. Bf2+ Kc6 69. Be2 Rd7+ 70. Ke1 Re7 71. Kf1 Rg7 72. Rg5 Rh7 73. Bc4 Nd6 74. Rc5+ Kd7 75. Ba6 Rh3 76. Be2 Rxb3 77. Bg4+ Ke8 78.
Re5+ Kd8 79. Bb6# 1-0

[Event "The Kvibergspelen 2023"]
[Site "Kviberg Park Hotel & Conference, Krutvagen 2, Gothenburg, Sweden"]
[Date "2023.09.17"]
[Round "7.11"]
[White "Lundstedt, Peter"]
[Black "Hamark, Jesper"]
[Result "1/2-1/2"]
[TimeControl "15 minutes + 5 seconds per move from move one (Round 1 - 4) / 90 minutes + 30 seconds per move from move one (Round 5 - 8)"]
[WhiteFideId "1718444"]
[BlackFideId "1704338"]
[WhiteElo "2099"]
[BlackElo "2342"]

1. d4 d5 2. Nf3 Nc6 3. g3 Bg4 4. Bg2 e6 5. O-O Nf6 6. c4 Bd6 7. Nc3 O-O 8. cxd5 Nxd5 9. e4 Nb6 10.
b3 f5 11. h3 Bb4 12. Ne2 fxe4 13. Ng5 Bf5 14. Nxe4 Nd5 15. Bb2 Qe8 16. Rc1 Rd8 17. Nc5 Bxc5 18. Rxc5 Rd7 19. a3 Qf7 20.
Qc1 h6 21. b4 a6 22. Nf4 Nxf4 23. Qxf4 Bd3 24. Qxf7+ Rdxf7 25. Rd1 Rxf2 26. Bc3 Bb5 27. Re1 Ne7 28. Rxe6 Bf1 29.
Rxe7 Rxg2+ 30. Kh1 Rc2 31. Be1 Rxc5 32. dxc5 Bxh3 33. Rxc7 Rf7 34. Rxf7 Kxf7 35. Kg1 Ke6 36. Kf2 Kd5 37.
Ke3 Kc4 38. a4 g5 39. Ke4 Bd7 40. a5 Bh3 41. Ke3 Bg2 42. Kf2 Bd5 43. g4 Kd3 44. Kg3 Be6 45. Kf3 Bf7 46. Kg3 Bd5 47.
Bf2 Bc6 48. Be1 Be8 49. Kf3 Bf7 50. Kg3 Be8 51. Kf3 Bg6 52. Kg3 Be4 53. Bf2 Bd5 54. Be1 Bc6 55. Bf2 Ba4 56. Be1 Bb5 57.
Bf2 Bc4 58. Be1 Be6 59. Kf3 Bg8 60. Kg3 Bh7 61. Kf3 Bg6 62. Kg3 Ke2 63. Bc3 Be8 64. Bg7 h5 65. gxh5 Bxh5 66. Bf6 Kd3 67.
Bxg5 Kc4 1/2-1/2

[Event "The Kvibergspelen 2023"]
[Site "Kviberg Park Hotel & Conference, Krutvagen 2, Gothenburg, Sweden"]
[Date "2023.09.17"]
[Round "7.12"]
[White "Cederstam, Carl"]
[Black "Anderzen, Robert"]
[Result "1-0"]
[TimeControl "15 minutes + 5 seconds per move from move one (Round 1 - 4) / 90 minutes + 30 seconds per move from move one (Round 5 - 8)"]
[WhiteTitle "FM"]
[WhiteFideId "1713329"]
[BlackFideId "1716239"]
[WhiteElo "2232"]
[BlackElo "2112"]

1. c4 Nf6 2. g3 c5 3. Bg2 d5 4. cxd5 Nxd5 5. Nc3 Nc7 6. Nf3 Nc6 7. a3 a5 8. Na4 e5 9. Nb6 Rb8 10.
Nxc8 Rxc8 11. Qb3 Qd7 12. Qxb7 e4 13. Bh3 Ne6 14. Qxd7+ Kxd7 15. Ng5 Ncd4 16. Nxe6 fxe6 17. Rb1 Rb8 18.
Bg2 Nc2+ 19. Kf1 Nxa3 20. Ra1 Nc4 21. Bxe4 Nd6 22. Bc2 Be7 23. Rxa5 Bf6 24. Ba4+ Ke7 25. Ra7+ Kf8 26. b3 1-0

[Event "The Kvibergspelen 2023"]
[Site "Kviberg Park Hotel & Conference, Krutvagen 2, Gothenburg, Sweden"]
[Date "2023.09.17"]
[Round "7.13"]
[White "Stenman, Christoffer"]
[Black "Hansen, Lars"]
[Result "0-1"]
[TimeControl "15 minutes + 5 seconds per move from move one (Round 1 - 4) / 90 minutes + 30 seconds per move from move one (Round 5 - 8)"]
[WhiteFideId "1713604"]
[BlackFideId "1402528"]
[WhiteElo "1896"]
[BlackElo "2188"]

1. e4 g6 2. d4 Bg7 3. Nf3 d6 4. c4 Nc6 5. Nc3 Bg4 6. Be3 e5 7. d5 Nd4 8. Be2 Nxe2 9. Nxe2 Nf6 10.
Nd2 O-O 11. f3 Bd7 12. O-O Ne8 13. b4 f5 14. c5 f4 15. Bf2 g5 16. Rc1 b6 17. a4 h5 18. Qb3 Rf7 19. cxd6 cxd6 20.
Rc2 g4 21. Rfc1 Bh6 22. Rc6 Rg7 23. Kf1 Qg5 24. Nc4 gxf3 25. gxf3 Qg2+ 26. Ke1 Qxh2 27. Bxb6 Bxc6 28. dxc6 Kh8 29.
Nxd6 axb6 30. Qe6 Qh4+ 31. Kd2 Qe7 32. Qxe7 Rxe7 33. Nf5 Re6 34. Nxh6 Rxh6 35. a5 Rd6+ 36. Ke1 bxa5 37. b5 Rb8 38.
Nc3 Nc7 39. Rb1 a4 40. Nd5 Rxb5 41. Rxb5 Nxb5 0-1

[Event "The Kvibergspelen 2023"]
[Site "Kviberg Park Hotel & Conference, Krutvagen 2, Gothenburg, Sweden"]
[Date "2023.09.17"]
[Round "7.14"]
[White "Hagevi, Vidar"]
[Black "Frisk, Ellinor"]
[Result "1/2-1/2"]
[TimeControl "15 minutes + 5 seconds per move from move one (Round 1 - 4) / 90 minutes + 30 seconds per move from move one (Round 5 - 8)"]
[BlackTitle "WIM"]
[WhiteFideId "1767526"]
[BlackFideId "1708481"]
[WhiteElo "2037"]
[BlackElo "2166"]

1. e4 c5 2. Nc3 g6 3. d3 Bg7 4. g3 Nc6 5. Bg2 e6 6. Be3 d6 7. Qd2 Rb8 8. Nge2 Nd4 9. O-O Ne7 10.
Nc1 O-O 11. Nd1 b6 12. c3 Ndc6 13. Bh6 d5 14. Bxg7 Kxg7 15. Qg5 dxe4 16. dxe4 h6 17. Qe3 Ba6 18. Re1 Qd7 19. Bf1 Bxf1 20.
Kxf1 Rfd8 21. Qe2 b5 22. Ne3 c4 23. a4 a6 24. axb5 axb5 25. b3 cxb3 26. Nxb3 Qd3 27. Qxd3 Rxd3 28.
Rec1 b4 29. Nc5 Rxc3 30. Rxc3 bxc3 31. Rc1 Nd4 32. Rxc3 Rb1+ 33. Kg2 Nec6 34. Nd3 h5 35. h4 Kf6 36. Nc2 Rg1+ 37. Kxg1 Ne2+ 38. Kg2 Nxc3 39. f3 Ne5 40.
Nxe5 Kxe5 41. Kf2 Nb5 1/2-1/2

[Event "The Kvibergspelen 2023"]
[Site "Kviberg Park Hotel & Conference, Krutvagen 2, Gothenburg, Sweden"]
[Date "2023.09.17"]
[Round "7.15"]
[White "Ljung, Harald"]
[Black "Wahlund, Max"]
[Result "1/2-1/2"]
[TimeControl "15 minutes + 5 seconds per move from move one (Round 1 - 4) / 90 minutes + 30 seconds per move from move one (Round 5 - 8)"]
[BlackTitle "CM"]
[WhiteFideId "1738178"]
[BlackFideId "1741861"]
[WhiteElo "2164"]
[BlackElo "2065"]

1. d4 Nf6 2. Nf3 g6 3. g3 Bg7 4. Bg2 O-O 5. c4 d6 6. O-O c5 7. d5 b5 8. cxb5 a6 9. bxa6 Nxa6 10.
Nc3 Qb6 11. e4 Nc7 12. a4 Nd7 13. Qc2 Ba6 14. Re1 Rfb8 15. Bh3 Ne5 16. Nxe5 Bxe5 17. Ra3 Bc4 18. Bd7 Ra7 19. Bc6 Ne6 20.
Be3 Nd4 21. Bxd4 Bxd4 22. Nb5 Bxb5 23. Bxb5 Qa5 24. Rb1 Qb4 25. Rb3 Qa5 26. Rd3 Qb4 27. Kg2 Bf6 28. Rb3 Qa5 29. Re3 Qb4 30.
b3 Bd4 31. Re2 Bf6 32. Rf1 Qc3 33. Qxc3 Bxc3 34. f4 f6 35. Rf3 Bd4 36. Rd3 Kf7 37. b4 e5 38. bxc5 Bxc5 39. fxe5 fxe5 40.
Re1 Kg7 41. Rf3 Rf8 42. Ref1 Raf7 43. Rxf7+ Rxf7 44. a5 Rxf1 45. Kxf1 Kf6 46. Ke2 g5 47. Kd3 Ke7 48. Bc6 Kd8 49.
Ke2 Ke7 50. Kf3 Kf6 51. Kg4 h6 52. Bd7 Bd4 53. Be6 Bc5 54. Kf3 Bd4 55. a6 Bc5 56. Kg4 Ba7 57. Kh5 Kg7 58. Bd7 Bg1 59.
Bf5 Ba7 60. h4 gxh4 61. Kxh4 Bb6 62. Kh5 Ba7 63. g4 Bb6 64. Be6 Be3 65. Bd7 Kf6 66. Bf5 Kg7 67. Bg6 Kf6 68. a7 Bxa7 69.
Kxh6 Be3 70. Kh5 1/2-1/2

[Event "The Kvibergspelen 2023"]
[Site "Kviberg Park Hotel & Conference, Krutvagen 2, Gothenburg, Sweden"]
[Date "2023.09.17"]
[Round "7.16"]
[White "Nordenbaek, Jan"]
[Black "Joensson, Oscar"]
[Result "1-0"]
[TimeControl "15 minutes + 5 seconds per move from move one (Round 1 - 4) / 90 minutes + 30 seconds per move from move one (Round 5 - 8)"]
[WhiteFideId "1401475"]
[BlackFideId "1729977"]
[WhiteElo "2163"]
[BlackElo "2060"]

1. e4 c6 2. Nf3 d5 3. Nc3 Bg4 4. h3 Bxf3 5. Qxf3 e6 6. Be2 Nd7 7. O-O g6 8. d3 Bg7 9. Qg3 Qb6 10.
a4 a5 11. exd5 exd5 12. Bg4 O-O-O 13. Bg5 Re8 14. Rae1 Nh6 15. Bxh6 Bxh6 16. Bxd7+ Kxd7 17. Qg4+ Re6 18. Rxe6 fxe6 19.
Ne2 Qb4 20. Nd4 Re8 21. c3 Qd6 22. g3 Bg7 23. Nf3 Bf6 24. Re1 Re7 25. d4 Kc7 26. Ne5 Bxe5 27. Rxe5 b5 28. axb5 cxb5 29.
h4 Kb6 30. h5 gxh5 31. Qxh5 b4 32. Qf3 bxc3 33. Qxc3 Qb4 34. Qe3 Kb5 35. b3 Qd6 36. f4 Kb6 37. f5 Kc6 38. f6 1-0

[Event "The Kvibergspelen 2023"]
[Site "Kviberg Park Hotel & Conference, Krutvagen 2, Gothenburg, Sweden"]
[Date "2023.09.17"]
[Round "7.17"]
[White "Ollen, Martin"]
[Black "Jarlskov, Daniel Tuk Hartso"]
[Result "1/2-1/2"]
[TimeControl "15 minutes + 5 seconds per move from move one (Round 1 - 4) / 90 minutes + 30 seconds per move from move one (Round 5 - 8)"]
[WhiteFideId "1718983"]
[BlackFideId "1463896"]
[WhiteElo "2143"]
[BlackElo "2038"]

1. e4 c6 2. d4 d5 3. e5 c5 4. c3 Nc6 5. Be2 cxd4 6. cxd4 Bf5 7. Nc3 e6 8. Nf3 h5 9. O-O h4 10.
Qb3 Qd7 11. Nb5 h3 12. g3 Nh6 13. Bf4 Bg4 14. Rfe1 Nf5 15. Rad1 a6 16. Nd6+ Nxd6 17. exd6 Bxd6 18. Bxd6 Qxd6 19.
Qxb7 O-O 20. Rc1 Na5 21. Qc7 Qxc7 22. Rxc7 Nc4 23. Ng5 Bxe2 24. Rxe2 Rab8 25. b3 Nd6 26. Ra7 Nb5 27. Rxa6 Nxd4 28.
Rb2 e5 29. Nxh3 Nf3+ 30. Kg2 e4 31. Ng1 Ne5 32. Rd2 Rfd8 33. Ra4 f6 34. Rad4 Ra8 35. Kf1 Nc6 36. Rxd5 Rxd5 37. Rxd5 Rxa2 38. Ne2 Rb2 39. Rb5 Rxe2 40. Kxe2 Nd4+ 41. Ke3 Nxb5 42. Kxe4 Kf7 43. h4 Ke6 44.
g4 Nd6+ 45. Kf4 Nb5 46. h5 Nc3 47. Ke3 Kd5 48. f4 Ne4 49. b4 Nd6 50. g5 fxg5 51. fxg5 Ke5 52. h6 gxh6 53. gxh6 Nf5+ 54.
Kd3 Nxh6 55. Kc4 1/2-1/2

[Event "The Kvibergspelen 2023"]
[Site "Kviberg Park Hotel & Conference, Krutvagen 2, Gothenburg, Sweden"]
[Date "2023.09.17"]
[Round "7.18"]
[White "Mashhadi, Peyman"]
[Black "Fransson, Angelina"]
[Result "0-1"]
[TimeControl "15 minutes + 5 seconds per move from move one (Round 1 - 4) / 90 minutes + 30 seconds per move from move one (Round 5 - 8)"]
[WhiteFideId "1768581"]
[BlackFideId "1712632"]
[WhiteElo "2112"]
[BlackElo "1982"]

1. e4 c5 2. Nf3 d6 3. d4 cxd4 4. Nxd4 Nf6 5. Nc3 e6 6. Be3 a6 7. a4 b6 8. Be2 Bb7 9. f4 Nxe4 10.
Nxe4 Bxe4 11. Bf3 Bxf3 12. Qxf3 d5 13. Qg3 Qc7 14. O-O Nd7 15. Rac1 Nf6 16. c4 dxc4 17. Kh1 Rc8 18. b3 c3 19. Ne2 Ne4 20. Qf3 Qc6 21.
Nd4 Qa8 22. f5 e5 23. Ne6 c2 24. Bxb6 fxe6 25. Qh5+ Ke7 26. fxe6 Kxe6 27. Qf7+ Kd6 28. Rfd1+ cxd1=Q+ 29.
Rxd1+ Kc6 30. a5 Kb5 31. Qf1+ Kb4 32. Qe1+ Nc3 33. Ra1 Bd6 34. Qh4+ Kxb3 35. Qg4 Qe4 36. Qd7 Bc5 37. Rc1 Bxb6 38.
axb6 Rhd8 39. b7 Rb8 40. Qc7 Rd1+ 41. Rxd1 Nxd1 42. Qb6+ Kc2 43. Qc5+ Nc3 0-1

[Event "The Kvibergspelen 2023"]
[Site "Kviberg Park Hotel & Conference, Krutvagen 2, Gothenburg, Sweden"]
[Date "2023.09.17"]
[Round "7.19"]
[White "Dingertz, Erik"]
[Black "Bengtsson, Siv"]
[Result "1/2-1/2"]
[TimeControl "15 minutes + 5 seconds per move from move one (Round 1 - 4) / 90 minutes + 30 seconds per move from move one (Round 5 - 8)"]
[WhiteFideId "1741578"]
[BlackFideId "1701673"]
[WhiteElo "2140"]
[BlackElo "1995"]

1. d4 Nf6 2. c4 e6 3. g3 Bb4+ 4. Bd2 a5 5. Bg2 d6 6. Nf3 Nbd7 7. O-O e5 8. e3 Bxd2 9. Nfxd2 O-O 10.
Nc3 Re8 11. Qc2 Nf8 12. a3 Ng6 13. b4 c6 14. d5 Bd7 15. Nde4 Nxe4 16. Nxe4 Bf5 17. Qd2 cxd5 18. Qxd5 Be6 19. Qxd6 Bxc4 20. Rfd1 Bb3 21. Qxd8 Raxd8 22. Rxd8 Rxd8 23. Nc5 a4 24. Bxb7 Ne7 25. Kf1 Bc4+ 26. Ke1 Bb5 27. Rd1 Rxd1+ 28. Kxd1 f5 29. Kd2 Kf7 30. Bf3 Nc8 31. Be2 Bxe2 32. Kxe2 Nb6 33. e4 g6 34. Kd3 Ke7 35. f4 Kd6 36. Nb7+ Kc7 37. Na5 exf4 38. gxf4 fxe4+ 39. Kxe4 Kd6 40. Kd4 Nd5 41. Nc4+ Ke6 42. Nb2 Nxf4 43. Nxa4 Kd6 44. Nc3 Ne6+ 45. Kc4 g5 46. Nb5+ Kd7 47. a4 h5 48. Kd5 g4 49. Nd4 Ng5 50. Ke5 Nf3+ 51. Kf4 Nxd4 52. Kg5 Nf3+ 53. Kxh5 Nxh2 54. Kh4 Kc6 55.
Kg3 Nf1+ 56. Kxg4 Ne3+ 57. Kf3 Nc2 58. b5+ Kc5 59. Ke4 Na3 60. Kd3 Nxb5 61. axb5 Kxb5 62. Kd4 1/2-1/2

[Event "The Kvibergspelen 2023"]
[Site "Kviberg Park Hotel & Conference, Krutvagen 2, Gothenburg, Sweden"]
[Date "2023.09.17"]
[Round "7.20"]
[White "Bohman Karlholm, Adrian"]
[Black "Valcu, Lavinia"]
[Result "1/2-1/2"]
[TimeControl "15 minutes + 5 seconds per move from move one (Round 1 - 4) / 90 minutes + 30 seconds per move from move one (Round 5 - 8)"]
[WhiteFideId "1720643"]
[BlackFideId "1752197"]
[WhiteElo "2134"]
[BlackElo "1956"]

1. d4 e6 2. c4 b6 3. Nf3 Bb7 4. e3 f5 5. Be2 Nf6 6. O-O Be7 7. Nc3 O-O 8. a3 Ne4 9. Nxe4 fxe4 10.
Nd2 Bd6 11. Qe1 Qg5 12. f4 Qh6 13. Bd1 c5 14. g3 Bc7 15. b4 d5 16. bxc5 bxc5 17. cxd5 exd5 18. dxc5 Nd7 19. Nb3 Ba6 20.
Be2 Rab8 21. Bxa6 Qxa6 22. Qc3 Qb5 23. Rb1 Nxc5 24. Nxc5 Qxb1 25. Nd7 Qb7 26. Nxf8 Rxf8 27. Rd1 Bb6 28.
Qe5 Rc8 29. Bd2 Kh8 30. Rc1 Rxc1+ 31. Bxc1 h6 32. Bd2 Qf7 33. g4 Kh7 34. Kf2 Bc7 35. Qd4 Bb6 36. Qe5 1/2-1/2

[Event "The Kvibergspelen 2023"]
[Site "Kviberg Park Hotel & Conference, Krutvagen 2, Gothenburg, Sweden"]
[Date "2023.09.17"]
[Round "8.1"]
[White "Sivuk, Vitaly"]
[Black "Seo, Jung Min"]
[Result "1/2-1/2"]
[TimeControl "15 minutes + 5 seconds per move from move one (Round 1 - 4) / 90 minutes + 30 seconds per move from move one (Round 5 - 8)"]
[WhiteTitle "GM"]
[BlackTitle "IM"]
[WhiteFideId "14116502"]
[BlackFideId "1734687"]
[WhiteElo "2461"]
[BlackElo "2462"]

1. d4 Nf6 2. c4 e6 3.
Nf3 b6 4. g3 Ba6 5. b3 Bb4+ 6. Bd2 Be7 7. Nc3 d5 8. cxd5 exd5 9. Bg2 Bb7 10. O-O O-O 11. Qc2 Nbd7 12. Rad1 Re8 13.
Bf4 a6 14. Ne5 Nf8 15. Bc1 Ne6 16. Bb2 Bd6 17. Nc4 Bf8 18. e3 Rc8 19. Ne5 c5 20. dxc5 Nxc5 21. Nf3 Nce4 22. Qd3 a5 23.
Rc1 Bc5 24. Nd4 Ng4 25. Na4 Qg5 26. Rce1 Qh5 27. h3 Ne5 28. Qb5 Nd6 29. Qe2 Qxe2 30. Nxe2 Nd3 31. Rd1 Nxb2 32. Nxb2 Ne4 33.
Nd3 Bf8 34. a4 Nc3 35. Nxc3 Rxc3 36. Nf4 Rxb3 37. Rb1 Rb4 38. Nxd5 Bxd5 39. Bf3 Be4 40. Bxe4 Rc8 41. Bd5 g6 42. Rfd1 1/2-1/2

[Event "The Kvibergspelen 2023"]
[Site "Kviberg Park Hotel & Conference, Krutvagen 2, Gothenburg, Sweden"]
[Date "2023.09.17"]
[Round "8.2"]
[White "Golubka, Petro"]
[Black "Kistrup, Nicolai"]
[Result "1/2-1/2"]
[TimeControl "15 minutes + 5 seconds per move from move one (Round 1 - 4) / 90 minutes + 30 seconds per move from move one (Round 5 - 8)"]
[WhiteTitle "GM"]
[BlackTitle "FM"]
[WhiteFideId "14114224"]
[BlackFideId "1444816"]
[WhiteElo "2439"]
[BlackElo "2359"]

1. e4 c5 2. Nf3 d6 3. d4 cxd4 4. Nxd4 Nf6 5. Nc3 Nc6 6. Bg5 e6 7. Qd3 Bd7 8. O-O-O a6 9. f4 Be7 10.
Nf3 Qa5 11. a3 Rd8 12. Bh4 b5 13. Na2 b4 14. Be1 d5 15. e5 Ne4 16. Nd4 Rb8 17. Nxc6 Bxc6 18. Kb1 Qb6 19. axb4 a5 20.
b5 Bxb5 21. Qxb5+ Qxb5 22. Bxb5+ Rxb5 23. c4 dxc4 24. Rd4 Nc5 25. Rxc4 O-O 26. Kc2 Na6 27. Bc3 Nb4+ 28. Bxb4 axb4 29.
Nc1 f6 30. exf6 Bxf6 31. Rd1 e5 32. Kb3 exf4 33. Rxf4 Re8 34. Rf3 Rbe5 35. Rd2 Bg5 36. Rc2 Re4 37. Nd3 Rd4 38. Rc4 Bf6 39. Rxd4 Bxd4 40. Kc4 Bf6 41. Kb3 Re2 42. Rf2 Re3 43. Rf3 Re2 44. Rf2 1/2-1/2

[Event "The Kvibergspelen 2023"]
[Site "Kviberg Park Hotel & Conference, Krutvagen 2, Gothenburg, Sweden"]
[Date "2023.09.17"]
[Round "8.3"]
[White "Ramsdal, Jens Albert"]
[Black "Holm, Kristian Stuvik"]
[Result "1/2-1/2"]
[TimeControl "15 minutes + 5 seconds per move from move one (Round 1 - 4) / 90 minutes + 30 seconds per move from move one (Round 5 - 8)"]
[WhiteTitle "FM"]
[BlackTitle "IM"]
[WhiteFideId "1429221"]
[BlackFideId "1508083"]
[WhiteElo "2391"]
[BlackElo "2488"]

1. d4 Nf6 2. c4 e6 3. Nf3 d5 4. Nc3 c6 5. e3 Nbd7 6. Be2 Bd6 7. O-O O-O 8. b3 Ne4 9. Nxe4 dxe4 10.
Nd2 f5 11. f4 exf3 12. Nxf3 e5 13. c5 Bc7 14. Bc4+ Kh8 15. e4 f4 16. Bb2 Qe7 17. b4 b6 18. Kh1 bxc5 19. bxc5 Rb8 20.
Rb1 exd4 21. Qxd4 Nf6 22. e5 Ng4 23. e6 Ne3 24. Rfe1 Re8 25. Bb3 Rxb3 26. axb3 Bxe6 27. Rxe3 fxe3 28.
Re1 Qf8 29. Rxe3 Bf7 30. Rxe8 Bxe8 31. Qg4 Qe7 32. h4 h6 33. b4 a5 34. bxa5 Bxa5 35. Qd4 Bc7 36. Kg1 Bg6 37. Ne5 Bxe5 38.
Qxe5 1/2-1/2